 Dungeon Crawl Stone Soup version 0.29-a0-322-g68df515 (webtiles) character file.

Game seed: 5732483600867965747

3362 Think the Slicer (level 10, -8/63 HPs)
             Began as an Octopode Fighter on Apr 5, 2022.
             Was an Elder of Okawaru.
             Mangled by a skeletal warrior
             ... wielding a +0 battleaxe
             ... created by the anger of Yredelemnul
              (30 damage)
             ... on level 7 of the Dungeon.
             The game lasted 00:21:53 (6812 turns).

Think the Slicer (Octopode Fighter)                 Turns: 6812, Time: 00:21:55

Health: -8/63      AC: 11    Str: 17    XL:     10   Next: 3%
Magic:  19/19      EV: 14    Int: 22    God:    Okawaru [****..]
Gold:   1154       SH:  5    Dex: 15    Spells: 4/9 levels left

rFire   . . .      SeeInvis .   k - +12 dagger of Success {protect, rC++ Will- Int+6}
rCold   + + .      Faith    .   b - +0 buckler
rNeg    . . .      Spirit   .   (helmet restricted)
rPois   .          Reflect  .   y - amulet of magic regeneration
rElec   .          Harm     .   m - +4 ring of protection
rCorr   .          Rampage  .   h - ring of magical power
Will    .....                   p - +4 ring of protection
Stlth   ++........              x - +6 ring of intelligence
HPRegen 0.20/turn               (no ring)
MPRegen 0.56/turn               (no ring)
                                (no ring)
                                (no ring)

@: no status effects
A: almost no armour, amphibious, 8 rings, camouflage 1, gelatinous body 1,
(nimble swimmer 1), tentacles, iridescent scales 1
a: Renounce Religion, Heroism, Finesse


You were on level 7 of the Dungeon.
You worshipped Okawaru.
Okawaru was greatly pleased with you.
You visited 1 branch of the dungeon, and saw 8 of its levels.
You also visited: Sewer.

You collected 1154 gold pieces.

Inventory:

Hand Weapons
 a - a +0 rapier
 e - a +1 dagger of venom
 k - the +12 dagger of Success (weapon) {protect, rC++ Will- Int+6}
   (You found it on level 2 of the Dungeon)

   It grants its wielder temporary protection when it strikes (+7 to AC).
   Int:       It affects your intelligence (+6).
   rC:        It greatly protects you from cold.
   Will:      It decreases your willpower.
Missiles
 B - a throwing net (quivered)
 F - 5 atropa-tipped darts
Armour
 b - a +0 buckler (worn)
Jewellery
 c - a ring of protection from cold
 h - a ring of magical power (right tentacle)
 m - a +4 ring of protection (left tentacle)
 p - a +4 ring of protection (on tentacle)
 x - a +6 ring of intelligence (on tentacle)
 y - an amulet of magic regeneration (around mantle)
Scrolls
 f - 3 scrolls of immolation
 g - 2 scrolls of magic mapping
 j - 3 scrolls of vulnerability
 s - a scroll of summoning
 v - a scroll of torment
 w - 2 scrolls of fear
 C - a scroll of amnesia
 G - a scroll of identify
Potions
 d - 4 potions of heal wounds {unknown}
 i - 4 potions of mutation {unknown}
 l - 5 potions of curing {unknown}
 n - 2 potions of attraction {unknown}
 q - 4 potions of resistance {unknown}
 r - a potion of invisibility {unknown}
 t - 2 potions of brilliance {unknown}
 u - a potion of degeneration {unknown}
 z - a potion of haste {unknown}
 A - a potion of ambrosia {unknown}
 D - 2 potions of lignification {unknown}
 E - a potion of magic {unknown}


   Skills:
 * Level 4.1 Fighting
 - Level 13.0 Short Blades
 + Level 3.5 Dodging
 + Level 3.5 Shields
 * Level 2.6 Hexes


You had 4 spell levels left.
You knew the following spells:

 Your Spells              Type           Power      Damage    Failure   Level
a - Summon Small Mammal   Summ           0%         N/A       22%         1
b - Cause Fear            Hex            5%         N/A       58%         4

Your spell library contained the following spells:

 Spells                   Type           Power      Damage    Failure   Level
 Apportation              Tloc           0%         N/A       22%         1
 Dragon Form              Tmut           0%         N/A       100%        7
 Animate Skeleton         Necr           Unusable   N/A       N/A         1
 Summon Guardian Golem    Hex/Summ       Unusable   N/A       N/A         3
 Call Canine Familiar     Summ           Unusable   N/A       N/A         3
 Dragon's Call            Summ           Unusable   N/A       N/A         9

Dungeon Overview and Level Annotations

Branches:
Dungeon (8/15)             Temple (0/1) D:6           Sewer (visited)
   Lair: D:8-11

Altars:
Gozag
Hepliaklqana
Nemelex Xobeh
Okawaru
Ru
Vehumet

Shops:
D:2 [   D:4 **   D:6 *


Innate Abilities, Weirdness & Mutations

You cannot wear most types of armour.
You are amphibious.
You can wear up to eight rings at the same time.
Your skin changes colour to match your surroundings (Stealth+).
Your rubbery body absorbs attacks. (AC +1, EV +1)
((You are camouflaged when in or above water. (Stealth+)))
You have tentacles for arms and can constrict up to eight enemies at once.
You are partially covered in iridescent scales. (AC +2)


Message History

The steam dragon is almost dead.
You hit the steam dragon.
The steam dragon is almost dead.
The steam dragon breathes steam at you.
The ball of steam hits you but does no damage.
You hear a shout!
The steam dragon misses you.
The steam dragon claws you but does no damage.
Nemelex Xobeh makes you draw from the deck of Punishment.
You draw a card...
You have drawn Wrath.
Yredelemnul sends servants to punish you.
The divine experience drains your vigour!
You feel yourself slow down.
A skeletal warrior and a bog body come into view.
You hit the steam dragon.
You kill the steam dragon!
Okawaru accepts your kill.
Your Fighting skill increases to level 4!
You have reached level 10!
You feel stronger.
You feel yourself speed up. You block the bog body's attack.
The skeletal warrior hits you but does no damage.
The skeletal warrior misses you.
You see here a killer bee corpse.
The skeletal warrior hits you with a +0 battleaxe!
The wyvern bites you but does no damage.
There is a stone staircase leading up here.
The wyvern bites you but does no damage.
The bog body touches you! The bog body freezes you. You resist.
The skeletal warrior hits you but does no damage.
You climb upwards.
There is a stone staircase leading down here.
As you read the scroll of holy word, it crumbles to dust.
You speak a Word of immense power!
The bog body convulses!
You destroy the bog body!
That felt strangely unrewarding.
The skeletal warrior convulses!
The wyvern bites you!
The skeletal warrior hits you with a +0 battleaxe!!
You die...

.##......#...†.##.......#....#..)
.##...#..#.#######......#....#..)
..#...#..#.# ##..###.......#...
...........# #...# ##.#....####
...........### #..## #.#....# #
......(.#.(..###..# #.#....# #
........####......## ##.###### #
..<.....# #........###..### #
..####### #.###.@......^..# #
#.###### ##....zl#........# ####
#......###...(..##........####...
###....##.......##..........##...
#.............##........#.##...
#....##.#.................##...
#........)..........<..........
#......##.....##############)..
#....####.....# #...


You could see a skeletal warrior (dazed) and a wyvern.

Vanquished Creatures
  A bog body (D:7)
  Psyche (D:8)
  Sigmund (D:4)
  Eustachio (D:4)
  A steam dragon (D:8)
  2 vampire mosquitoes (D:7)
  A water moccasin (D:7)
  Pargi (Sewer)
  2 sky beasts
  An orc warrior (D:6)
  4 black bears
  An ogre (D:6)
  2 centaurs
  A bullfrog (D:3)
  A scorpion (D:7)
  4 killer bees
  2 howler monkeys
  5 hounds
  2 jellies
  2 gnoll shamans (D:6)
  2 orc priests
  4 iguanas
  5 orc wizards
  Natasha (twice) (D:4)
  Robin (D:4)
  7 adders
  10 gnolls
  A shadow imp (D:5)
  2 ufetubi
  2 worms (D:3)
  A dart slug (D:1)
  19 orcs
  8 ball pythons
  8 bats
  11 endoplasms
  5 giant cockroaches
  13 goblins
  12 hobgoblins
  6 jackals
  6 kobolds
  6 quokkas
  8 frilled lizards
  9 rats
184 creatures vanquished.

Notes
Turn   | Place    | Note
-------+----------+-------------------------------------------
     0 | D:1      | Think the Octopode Fighter began the quest for the Orb.
     0 | D:1      | Reached XP level 1. HP: 16/16 MP: 1/1
   174 | D:1      | Reached XP level 2. HP: 17/21 MP: 2/2
   309 | D:1      | Reached skill level 3 in Short Blades
   486 | D:1      | Reached XP level 3. HP: 21/26 MP: 3/3
   744 | D:1      | Found a faded altar of an unknown god.
   776 | D:1      | Prayed at the altar of an unknown god.
   776 | D:1      | Became a worshipper of Nemelex Xobeh the Trickster
   776 | D:1      | Reached * piety under Nemelex Xobeh
  1193 | D:2      | Identified the +12 dagger of Success {protect, rC++ Will-
                  | Int+6}
  1282 | D:2      | Received a gift from Nemelex Xobeh
  1346 | D:2      | Reached skill level 4 in Short Blades
  1354 | D:2      | Reached XP level 4. HP: 26/31 MP: 4/4
  1555 | D:2      | Found Dybbuxui's Armour Boutique.
  1675 | D:2      | Reached ** piety under Nemelex Xobeh
  1759 | D:2      | Learned a level 1 spell: Summon Small Mammal
  2062 | D:3      | Found a glowing drain.
  2066 | Sewer    | Entered a sewer
  2087 | Sewer    | Noticed Pargi
  2097 | Sewer    | Killed Pargi
  2098 | Sewer    | Reached skill level 5 in Short Blades
  2098 | Sewer    | Reached XP level 5. HP: 32/36 MP: 5/5
  2631 | D:3      | Reached skill level 6 in Short Blades
  2631 | D:3      | Reached XP level 6. HP: 42/42 MP: 6/6
  2660 | D:3      | Found an iron altar of Okawaru.
  2661 | D:3      | Found a sparkling altar of Nemelex Xobeh.
  2714 | D:3      | Received a gift from Nemelex Xobeh
  2737 | D:3      | Fell from the grace of Nemelex Xobeh
  2737 | D:3      | Became a worshipper of Warmaster Okawaru
  2911 | D:4      | Noticed Eustachio
  2916 | D:4      | Killed Eustachio
  2917 | D:4      | Reached skill level 7 in Short Blades
  2917 | D:4      | Reached XP level 7. HP: 46/46 MP: 7/7
  3066 | D:4      | Found a sacrificial altar of Ru.
  3091 | D:4      | Noticed Sigmund
  3095 | D:4      | Found a hazy altar of Hepliaklqana.
  3096 | D:4      | Found a faded altar of an unknown god.
  3099 | D:4      | Killed Sigmund
  3099 | D:4      | Reached * piety under Okawaru
  3100 | D:4      | Reached skill level 8 in Short Blades
  3272 | D:4      | Found Gaiq's General Store.
  3274 | D:4      | Found Ruptoafa's Specific Store.
  3451 | D:4      | Noticed Robin
  3492 | D:4      | Killed Robin
  3866 | D:4      | Noticed Natasha
  3872 | D:4      | Killed Natasha
  3873 | D:4      | Reached skill level 9 in Short Blades
  3873 | D:4      | Reached XP level 8. HP: 52/52 MP: 8/8
  3939 | D:4      | Noticed Natasha
  3952 | D:4      | Killed Natasha
  3989 | D:5      | Entered Level 5 of the Dungeon
  4085 | D:5      | Found an opulent altar of Gozag.
  4092 | D:5      | Reached ** piety under Okawaru
  4221 | D:5      | Reached skill level 10 in Short Blades
  4636 | D:6      | Found a staircase to the Ecumenical Temple.
  4709 | D:5      | XOM: give mutation
  4709 | D:5      | Gained mutation: You are partially covered in iridescent
                  | scales. (AC +2) [Xom's grace]
  4924 | D:5      | Identified a scroll of acquirement
  4925 | D:5      | Acquired 792 gold pieces
  4959 | D:6      | Reached skill level 11 in Short Blades
  4986 | D:6      | Reached XP level 9. HP: 53/56 MP: 9/9
  5180 | D:6      | Found a radiant altar of Vehumet.
  5642 | D:6      | Identified the +2 flail "Zenniw" {freeze, rPois rN++ Str+6}
  5702 | D:6      | Found Ulekuac's Fire Supplies.
  6003 | D:7      | Reached *** piety under Okawaru
  6004 | D:7      | Reached skill level 12 in Short Blades
  6505 | D:8      | Noticed Psyche
  6510 | D:8      | Killed Psyche
  6511 | D:8      | Reached skill level 13 in Short Blades
  6574 | D:7      | Learned a level 4 spell: Cause Fear
  6611 | D:7      | Reached **** piety under Okawaru
  6612 | D:7      | Reached skill level 1 in Hexes
  6661 | D:8      | Received a gift from Okawaru
  6806 | D:8      | Noticed a skeletal warrior
  6806 | D:8      | Noticed a bog body
  6807 | D:8      | Reached XP level 10. HP: 63/63 MP: 10/10
  6812 | D:7      | Killed a bog body
  6812 | D:7      | Mangled by a skeletal warrior

Illustrated notes

Levels and vault maps discovered:
D:1:      scummos_arrival_simple_fountains, layout_loops_cross,
          shapermc_ecumenical_altar_venn
D:2:      layout_loops_ring, serial_shops, nicolae_shop_waterfront,
          grunt_decor_resistance
D:3:      layout_loops_cross, chequers_temple_overflow_statue_of_worship,
          gup_sewer_entry_spiral
D:4:      layout_basic, beargit_hepliaklqana_dungeon_heroes,
          nicolae_ru_sacrificial_ziggurat, grunt_ministairs_8,
          nicolae_specific_store, nicolae_figureground_sparkle, uniq_eustachio,
          uniq_robin, uniq_natasha, uniq_sigmund
D:5:      layout_rooms, lemuel_doored_altar
D:6:      layout_basic, overflow_temple_1_default,
          minmay_temple_entry_proselytizer, nicolae_shop_fire_sale
          [nicolae_sub_dead_trees]
D:7:      layout_rooms
D:8:      layout_basic, uniq_prince_ribbit1, uniq_psyche

Skill      XL: |  1  2  3  4  5  6  7  8  9 |
---------------+----------------------------+-----
Short Blades   | 3 4 5 6 7 9 11 13 | 13.0
Hexes          | 2 |  2.6
Fighting       | 4 |  4.1
Dodging        | |  3.5
Shields        | |  3.5

Action                   |  1- 3 |  4- 6 |  7- 9 | 10-12 || total
-------------------------+-------+-------+-------+-------++-------
Melee: Dagger            |    66 |    57 |   239 |       ||   362
       Tentacles         |    11 |    10 |    45 |       ||    66
       Constrict         |    18 |     9 |    48 |       ||    75
       Rapier            |     2 |       |       |       ||     2
       Punch             |       |       |     4 |       ||     4
 Cast: Summon Small Mamm |       |     2 |       |       ||     2
Invok: Heroism           |       |       |     1 |       ||     1
  Use: Scroll            |       |     2 |     8 |     1 ||    11
       Potion            |       |       |     3 |       ||     3
 Stab: Sleeping          |    11 |    12 |     8 |       ||    31
       Distracted        |       |       |     1 |       ||     1
Armor: Skin              |    13 |    14 |   108 |     4 ||   139
Dodge: Dodged            |    30 |    16 |   123 |     1 ||   170
Block: Buckler           |    11 |    10 |    41 |     1 ||    63

Table legend: (Time is in decaauts)
 A = Elapsed time spent in this place.
 B = Non-inter-level travel time spent in this place.
 C = Inter-level travel time spent in this place.
 D = Time resting spent in this place.
 E = Time spent auto-exploring this place.
 F = Levels seen in this place.
 G = Mean time per level.
                   A        B        C        D        E       F      G
               +--------+--------+--------+--------+--------+-----+--------+
         Total |   6684 |   6415 |    269 |    473 |   4613 |   9 |  742.7 |
       Dungeon |   6422 |   6153 |    269 |    473 |   4438 |   8 |  802.8 |
         Sewer |    261 |    261 |      0 |      0 |    175 |   1 |  261.0 |
               +--------+--------+--------+--------+--------+-----+--------+

Top non-repeatable levels by time:
     D:1: 1130 daAuts
     D:6: 1103 daAuts
     D:4: 1075 daAuts
     D:5: 842 daAuts
     D:3: 739 daAuts
     D:2: 731 daAuts
     D:7: 616 daAuts
   Sewer: 261 daAuts
     D:8: 181 daAuts
